 Dungeon Crawl Stone Soup version 0.29-a0-323-g050149af67 (webtiles) character file.

Game seed: 10499068431590537113

250 spaghetti the Chucker (level 5, -4/41 HPs)
             Began as a Demigod Brigand on Apr 10, 2022.
             Killed by divine providence
             ... invoked by an orc priest
              (13 damage)
             ... on level 3 of the Dungeon.
             The game lasted 00:07:06 (4167 turns).

spaghetti the Chucker (Demigod Brigand)             Turns: 4167, Time: 00:07:06

Health: -4/41      AC: 11    Str: 12    XL:     5   Next: 57%
Magic:  7/7        EV:  2    Int: 13    God:
Gold:   15         SH:  5    Dex: 19    Spells: 4/4 levels left

rFire   + . .      SeeInvis .   a - +2 dagger {short}
rCold   . . .      Faith    .   (no shield)
rNeg    . . .      Spirit   .   r - +0 plate armour
rPois   .          Reflect  +   (no helmet)
rElec   .          Harm     .   c - +0 cloak
rCorr   .          Rampage  .   (no gloves)
Will    .....                   (no boots)
Stlth   ..........              h - amulet of reflection
HPRegen 0.13/turn               l - ring of protection from fire
MPRegen 0.10/turn               (no ring)

@: studying Throwing
A: high MP 1, forlorn, divine attributes
a: no special abilities


You were on level 3 of the Dungeon.
You visited 1 branch of the dungeon, and saw 4 of its levels.

You collected 145 gold pieces.
You spent 130 gold pieces at shops.


Innate Abilities, Weirdness & Mutations

You have an increased reservoir of magic. (+10% MP)
You shall have no god before yourself.
Your divine heritage dramatically boosts your attributes as you level up.


   Skills:
 - Level 1.7 Fighting
 - Level 1.7 Short Blades
 + Level 5.7 Throwing
 - Level 0.8 Dodging
 - Level 3.6 Stealth


You had 4 spell levels left.
You didn't know any spells.
Your spell library contained the following spells:

 Spells                   Type           Power      Damage    Failure   Level
 Static Discharge         Conj/Air       0%         N/A       100%        2
 Conjure Flame            Conj/Fire      0%         6-21      100%        3
 Ignite Poison            Fire/Tmut/Pois 0%         N/A       100%        3
 Dispel Undead            Necr           0%         3d6       100%        4
 Sticky Flame             Conj/Fire      0%         2d3       100%        4

Inventory:

Hand Weapons
 a - a +2 dagger (weapon) {short}
 g - a +0 dagger of draining {short}
   (You took it off a goblin on level 1 of the Dungeon)
 j - a +0 long sword {long}
   (You found it on level 1 of the Dungeon)
 u - a +0 rapier {short}
   (You found it on level 3 of the Dungeon)
Missiles
 d - 8 poisoned darts {throwing}
 e - a curare-tipped dart {=fthrowing}
 f - 15 stones (quivered) {throwing}
Armour
 b - a +0 robe
 c - a +0 cloak (worn)
 r - a +0 plate armour (worn)
   (You found it on level 3 of the Dungeon)
Magical Staves
 p - a staff of earth {!astaff}
   (You found it on level 2 of the Dungeon)
Jewellery
 h - an amulet of reflection (around neck)
   (You found it on level 3 of the Dungeon)
 l - a ring of protection from fire (left hand)
   (You bought it in a shop on level 2 of the Dungeon)
Scrolls
 i - 2 scrolls of silence {unknown}
 k - a scroll of immolation {unknown}
 o - a scroll of blinking {!r}
 s - 2 scrolls of vulnerability {!r!r}
 t - a scroll of noise {unknown}
 v - a scroll of amnesia {unknown}

Dungeon Overview and Level Annotations

Branches:
Dungeon (4/15)             Temple (0/1) D:4

Shops:
D:2 *   D:3 ?

Annotations:
D:2 Sigmund
D:3 Edmund

#........# ##..###.#.##.#
#.######## #..# #......# #.# #..#
###.#### #.# #..# ##.# #.#
#..####..######### #.##
#................### ...#
########.#####'########.##. .ยง.#
#......#.###....P### #.##.
...####<####.#.#@o..โŒ ...P##
#.##. ._.#.....#
#.#.##o..P...#.###.##.
...#.##..###.#g#.#_._._#P.....##.
####..........ooo####.###.######.
#.......####....o#.#.## #.# #.
#..)....####....###.## #.# ##
#...>........#.## ### #.#
#..)....######.# #.# #.......#
#.# #.#


You could see an orc priest and an orc.


Message History

There is a stone staircase leading down here.
You climb downwards.
Level annotation: Edmund
There is a stone staircase leading up here.
You climb upwards.
Level annotation: Sigmund
There is a stone staircase leading down here.
Search for what [Enter for "rap", or ? for help]? shop
There is an entrance to Vaijal's Assorted Antiques here.
You can access your shopping list by pressing '$'.
l - a ring of protection from fire Thank you for shopping at Vaijal's Assorted Antiques!
You can access your shopping list by pressing '$'.
l - a ring of protection from fire (left hand)
You can access your shopping list by pressing '$'.
(D) Dungeon (T) Temple
Where to? (Enter - D:2 @ (x,y), ? - help)
There is a fountain of clear blue water here.
There is a stone staircase leading down here.
You climb downwards.
Level annotation: Edmund
There is a stone staircase leading up here.
Unknown command.
Unknown command.
(D) Dungeon (T) Temple
Where to? (Enter - D:3, ? - help)
There is an open door here.
There is a stone staircase leading down here.
You climb downwards.
The ball python hisses angrily.
The orc priest shouts!
The orc shouts! x4
The goblin shouts!
The orc wizard gestures at you while chanting.
The magic dart hits you but does no damage.
The orc priest invokes the aid of Beogh against you.
Beogh smites you! The orc hits you but does no damage.
The orc barely misses you. The orc hits you but does no damage. x2
There is a stone staircase leading up here. ๐Ÿ˜ฎ HP[-11]
You take 11 damage, and now have 30/41 hp.
MASSIVE DAMAGE!! (PAUSE) Unknown command.
Unknown command.
The orc hits you with a +0 short sword. The goblin hits you but does no damage.
The orc hits you but does no damage.
The orc priest hits you but does no damage.
The orc hits you but does no damage.
You climb upwards.
Level annotation: Edmund
There is a stone staircase leading down here. ๐Ÿ˜ฎ HP[-1]
You take 1 damage, and now have 29/41 hp.
Unknown command.
Unknown command.
Unknown command.
You hit the orc priest. The orc hits you with a +0 dagger.
You block the orc's attack. The orc hits you but does no damage.
You block the goblin's attack.
The orc priest hits you but does no damage.
The orc hits you but does no damage. ๐Ÿ˜ฎ HP[-1]
You take 1 damage, and now have 28/41 hp.
The orc attacks as you move away! The orc hits you but does no damage.
The orc attacks as you move away! The orc hits you but does no damage.
The orc attacks as you move away!
The orc hits you but does no damage. ๐Ÿ˜ฎ HP[+1]
You barely miss the orc. You hit the orc.
The orc hits you but does no damage. x2
You hit the orc. You punch the orc.
You kill the orc!
You block the orc's attack.
You completely miss the orc priest. The orc hits you but does no damage.
The orc priest hits you with a +0 whip. ๐Ÿ˜ฎ HP[-5]
You take 5 damage, and now have 24/41 hp.
You barely miss the orc priest. The orc hits you but does no damage.
The orc priest hits you with a +0 whip. ๐Ÿ˜ฎ HP[-1]
You take 1 damage, and now have 23/41 hp.
You closely miss the orc priest. You hit the orc priest.
The orc hits you but does no damage.
The orc priest hits you but does no damage. ๐Ÿ˜ฎ HP[+1]
You hit the orc priest. You block the orc's attack.
The orc priest hits you but does no damage.
You hit the orc priest but do no damage.
The orc hits you but does no damage.
The orc priest hits you but does no damage.
You hit the orc priest. The orc hits you but does no damage.
You block the orc priest's attack.
You hit the orc priest. The orc hits you with a +0 dagger.
The orc priest mumbles some strange prayers to Beogh against you.
Beogh smites you!
* * * LOW HITPOINT WARNING * * *
๐Ÿ˜ฑ HP[-15]
You take 15 damage, and now have 9/41 hp.
MASSIVE DAMAGE!! (PAUSE)
You barely miss the orc priest. The orc hits you but does no damage.
The orc priest invokes the aid of Beogh against you.
Beogh smites you!
You die...

Skill      XL: |  1  2  3  4 |
---------------+-------------+-----
Throwing       | 2 3 4 5 |  5.7
Fighting       | |  1.7
Short Blades   | |  1.7
Dodging        | |  0.8
Stealth        | |  3.6

Action                   |  1- 3 |  4- 6 || total
-------------------------+-------+-------++-------
Melee: Dagger            |   107 |   110 ||   217
       Punch             |       |     1 ||     1
Throw: Stone             |    17 |    55 ||    72
       Dart              |     6 |     4 ||    10
  Use: Potion            |     2 |     2 ||     4
       Scroll            |       |     6 ||     6
 Stab: Sleeping          |     8 |       ||     8
Armor: Robe              |    20 |       ||    20
       Plate armour      |       |   116 ||   116
Dodge: Dodged            |    51 |    21 ||    72
Block: Other             |     1 |    42 ||    43

Levels and vault maps discovered:
D:1:      dpeg_arrival_radiant, layout_basic
D:2:      layout_loops_cross, serial_shops, shop_fountains, uniq_natasha,
          uniq_sigmund
D:3:      layout_loops_corners, gammafunk_temple_overflow_forgotten, trog_book,
          serial_shops, nicolae_shop_statue_plus, dk_noncrumbling_3
D:4:      layout_rooms, temple_fountains, gup_sewer_entry_pipe, uniq_edmund

Notes
Turn   | Place    | Note
-------+----------+-------------------------------------------
     0 | D:1      | spaghetti the Demigod Brigand began the quest for the Orb.
     0 | D:1      | Reached XP level 1. HP: 17/17 MP: 3/3
     0 | D:1      | magus.rc [v1.9.6]
    23 | D:1      | Reached skill level 2 in Throwing
   515 | D:1      | Reached XP level 2. HP: 24/24 MP: 4/4
   869 | D:2      | Reached skill level 3 in Throwing
   922 | D:2      | Reached XP level 3. HP: 29/29 MP: 5/5
   943 | D:2      | Found Vaijal's Assorted Antiques.
  1462 | D:2      | Noticed Sigmund
  1945 | D:3      | Reached skill level 4 in Throwing
  2064 | D:3      | HP: 6/29 [hound (3)]
  2067 | D:3      | Reached XP level 4. HP: 8/36 MP: 6/6
  2517 | D:3      | You pick up a book of Touch and begin reading...
  2517 | D:3      | You add the spells Static Discharge, Sticky Flame and
                  | Dispel Undead to your library.
  2587 | D:3      | Found Luhalaat's Magic Scroll Shoppe.
  2596 | D:3      | Bought a scroll of identify for 20 gold pieces
  2633 | D:3      | You add the spells Conjure Flame and Ignite Poison to your
                  | library.
  3054 | D:4      | Noticed Edmund
  3283 | D:4      | Found a staircase to the Ecumenical Temple.
  3377 | D:3      | Reached skill level 5 in Throwing
  3377 | D:3      | Reached XP level 5. HP: 26/41 MP: 7/7
  3809 | D:4      | HP: 10/41 [gnoll/+0 halberd (1)]
  3813 | D:3      | Identified a scroll of acquirement
  3813 | D:3      | Acquired a manual of Throwing
  4120 | D:2      | Bought a gilded ring for 110 gold pieces
  4166 | D:3      | HP: 9/41 [orc priest/divine providence (12)]
  4167 | D:3      | Killed from afar by an orc priest

Vanquished Creatures
  A scorpion (D:4)
  2 hounds (D:3)
  2 gnolls (D:3)
  5 adders
  A worm (D:2)
  A dart slug (D:2)
  3 orcs
  6 endoplasms
  6 giant cockroaches
  9 goblins
  4 hobgoblins
  4 jackals (D:2)
  2 kobolds
  A quokka (D:3)
  2 ball pythons
  4 frilled lizards
  5 rats
58 creatures vanquished.

Vanquished Creatures (others)
  A plant (D:3)
1 creature vanquished.

Grand Total: 59 creatures vanquished

Table legend:
 A = Non-vault XP
 B = Vault XP
 C = Vault XP percentage of total XP
 D = Non-vault monster count
 E = Vault monster count
 F = Vault count percentage of total count
                 A         B        C        D         E       F
            +---------+---------+-------+---------+---------+-------
      Total |     358 |       0 |   0.0 |      58 |       0 |   0.0
            +---------+---------+-------+---------+---------+-------
        D:1 |      21 |       0 |   0.0 |      13 |       0 |   0.0
        D:2 |      54 |       0 |   0.0 |      14 |       0 |   0.0
        D:3 |     175 |       0 |   0.0 |      24 |       0 |   0.0
        D:4 |     108 |       0 |   0.0 |       7 |       0 |   0.0
            +---------+---------+-------+---------+---------+-------

Illustrated notes

Table legend:
 A = Kills in this place as a percentage of kills in entire the game.
 B = Kills by you in this place as a percentage of kills by you in the entire game.
 C = Kills by friends in this place as a percentage of kills by friends in the entire game.
 D = Other kills in this place as a percentage of other kills in the entire game.
 E = Experience gained in this place as a percentage of experience gained in the entire game.
 F = Experience gained in this place divided by the number of levels of this place that you have seen.
                   A       B       C       D       E      F
               +-------+-------+-------+-------+-------+----------------------
         Total | 100.0 | 100.0 |   N/A |   N/A | 100.0 |  89.5
       Dungeon | 100.0 | 100.0 |   N/A |   N/A | 100.0 |  89.5
               +-------+-------+-------+-------+-------+----------------------

Table legend: (Time is in decaauts)
 A = Elapsed time spent in this place.
 B = Non-inter-level travel time spent in this place.
 C = Inter-level travel time spent in this place.
 D = Time resting spent in this place.
 E = Time spent auto-exploring this place.
 F = Levels seen in this place.
 G = Mean time per level.
                   A        B        C        D        E       F      G
               +--------+--------+--------+--------+--------+-----+--------+
         Total |   4148 |   3793 |    355 |   1053 |   2084 |   4 | 1037.0 |
       Dungeon |   4148 |   3793 |    355 |   1053 |   2084 |   4 | 1037.0 |
               +--------+--------+--------+--------+--------+-----+--------+

Top non-repeatable levels by time:
     D:3: 2029 daAuts
     D:1: 985 daAuts
     D:2: 774 daAuts
     D:4: 359 daAuts
